AoeStats
← GRERREIRO TOP

Black Forest

509921650Analyzed
4v4 RM · 5d ago on Sep 28, 2026· 43m 39s· 8 players
Game mode
Random Map
Map size
Large (8 player)
Population
200
Speed
Normal
Resources
Standard
Victory
Conquest
Starting age
Dark Age
Ending age
Imperial Age
RankedLock teamsTeams togetherTeam positionsShared explorationLock speedFull tech treeHidden civsTurbo modeCheats
Victory
Defeat
🇬🇧 Poles · United Kingdom
1215
+12
🇬🇧 Bengalis · United Kingdom
1180
+14
🇧🇪 Saxons · Belgium
1152
+15
🇷🇺 Teutons · Russia
1124
+16
🇧🇷 Khmer · Brazil
1214
-19
🇹🇼 Persians · Taiwan
1110
-13
🇹🇼 Celts · Taiwan
1110
-13
🇹🇼 Franks · Taiwan
1064
-12
BlueFacedBooby
4:58 Loom
13:10 Feudal Age
16:57 Castle Age
14:42 Horse Collar
14:49 Double-Bit Axe
17:55 Bow Saw
17:47 Heavy Plow
21:14 Wheelbarrow
20:25 Town Watch
22:25 Fortified Wall
24:26 Gold Mining
24:26 Stone Mining
24:39 Stone Mining
26:30 Fishing Lines
27:42 Hand Cart
27:27 Fletching
27:43 Scale Barding Armor
27:49 Forging
27:55 Gillnets
28:26 Town Patrol
28:23 Bodkin Arrow
29:00 Coinage
30:06 Ballistics
29:27 Treadmill Crane
29:57 Masonry
30:53 Chain Barding Armor
31:08 Iron Casting
30:38 Murder Holes
34:37 Imperial Age
32:49 Szlachta Privileges
33:11 Bloodlines
32:21 Light Cavalry
33:01 Husbandry
36:00 Crop Rotation
34:51 Winged Hussar
35:54 Lechitic Legacy
35:55 Conscription
36:55 Blast Furnace
37:37 Chemistry
36:43 Siege Engineers
37:11 Banking
36:47 Bracer
37:57 Caravan
38:37 Hoardings
DM
6:27 Loom
6:34 Loom
11:06 Feudal Age
15:21 Castle Age
13:19 Horse Collar
13:25 Double-Bit Axe
16:37 Heavy Plow
16:48 Bow Saw
20:29 Wheelbarrow
22:04 Scale Barding Armor
22:20 Forging
22:46 Hand Cart
23:56 Gold Mining
24:32 Chain Barding Armor
25:52 Bloodlines
27:19 Stone Mining
30:59 Imperial Age
28:15 Loom
28:18 Town Watch
29:12 Stone Shaft Mining
28:01 Pikeman
28:28 Gambesons
28:43 Squires
28:29 Arson
30:21 Iron Casting
29:36 Fletching
29:50 Padded Archer Armor
31:03 Cavalier
32:50 Chemistry
32:37 Crop Rotation
33:58 Caravan
35:46 Plate Barding Armor
37:37 Leather Archer Armor
42:36 Two-Man Saw
Sir Faffalot
1:14 Loom
14:45 Feudal Age
20:16 Castle Age
18:42 Double-Bit Axe
18:42 Horse Collar
22:35 Bow Saw
23:40 Heavy Plow
24:12 Fishing Lines
33:11 Imperial Age
31:58 Wheelbarrow
31:23 Gold Mining
31:37 Fletching
31:49 Padded Archer Armor
33:48 Masonry
33:37 Bodkin Arrow
35:01 Hand Cart
34:33 Town Watch
35:29 Architecture
35:53 Bracer
37:14 Chemistry
36:35 Ballistics
37:11 Elite Elephant Archer
38:07 Leather Archer Armor
38:02 Paiks
38:19 Conscription
40:04 Gillnets
42:40 Ring Archer Armor
Dr_Glijpo
10:23 Feudal Age
14:39 Castle Age
12:34 Double-Bit Axe
13:31 Horse Collar
14:00 Loom
17:30 Bow Saw
20:55 Wheelbarrow
21:53 Heavy Plow
23:47 Gold Mining
23:48 Stone Mining
25:10 Gold Shaft Mining
28:43 Scale Mail Armor
28:37 Fletching
28:47 Padded Archer Armor
31:32 Imperial Age
28:48 Town Watch
29:20 Hand Cart
29:31 Arson
29:47 Squires
30:00 Forging
30:40 Caravan
31:04 Chain Mail Armor
32:30 Iron Casting
31:51 Bodkin Arrow
35:10 Conscription
34:16 Shield Wall
37:50 Chemistry
37:17 Ballistics
37:04 Siege Engineers
38:14 Plate Mail Armor
37:45 Bracer
38:03 Leather Archer Armor
37:53 Scale Barding Armor
37:48 Elite Hearth Troop
39:11 Guard Tower
39:06 Arrowslits
40:12 Masonry
39:44 Treadmill Crane
39:45 Onager
39:51 Elite Varangian Guard
ZZZ1
10:51 Feudal Age
14:40 Castle Age
13:00 Double-Bit Axe
23:50 Bow Saw
24:56 Wheelbarrow
25:25 Loom
29:44 Imperial Age
28:32 Scale Barding Armor
28:37 Forging
29:20 Hand Cart
29:59 Chain Barding Armor
30:02 Husbandry
29:50 Cavalier
31:46 Plate Barding Armor
31:46 Iron Casting
32:15 Chemistry
31:41 Ballistics
31:18 Paladin
32:21 Fortified Wall
32:16 Chivalry
32:37 Conscription
35:15 Blast Furnace
34:05 Fletching
34:16 Scale Mail Armor
34:15 Gold Mining
34:17 Stone Mining
35:32 Pikeman
36:13 Squires
35:36 Elite Skirmisher
37:46 Caravan
39:05 Light Cavalry
39:15 Halberdier
hello
11:47 Feudal Age
15:45 Castle Age
13:57 Horse Collar
14:19 Double-Bit Axe
17:05 Bow Saw
19:21 Bow Saw
19:06 Demolition Ship
19:29 Fishing Lines
22:03 Heavy Plow
22:11 Stone Mining
22:21 Gold Mining
23:40 Wheelbarrow
23:51 Gillnets
26:52 Hand Cart
29:23 Imperial Age
26:22 Light Cavalry
27:16 Loom
27:44 Husbandry
29:59 Scale Barding Armor
29:36 Onager
29:43 Hussar
30:55 Forging
32:09 Chemistry
33:46 Fletching
34:36 Masonry
34:15 Pikeman
36:05 Scale Mail Armor
37:20 Chain Mail Armor
37:33 Halberdier
39:36 Plate Mail Armor
40:30 Iron Casting
41:32 Gambesons
GRERREIRO TOP
0:37 Loom
14:28 Feudal Age
20:32 Castle Age
19:02 Fishing Lines
19:08 Double-Bit Axe
19:05 Horse Collar
21:02 Town Watch
21:15 Gillnets
21:48 Town Patrol
22:48 Bow Saw
24:07 Wheelbarrow
24:10 Stone Mining
24:11 Gold Mining
31:13 Imperial Age
30:04 Scale Barding Armor
30:09 Forging
30:25 Heavy Plow
31:07 Hand Cart
31:25 Tusk Swords
31:57 Chain Barding Armor
32:13 Iron Casting
33:42 Scale Mail Armor
34:39 Ballistics
34:10 Heated Shot
35:20 Chemistry
33:52 Pikeman
34:17 Arson
34:51 Chain Mail Armor
35:36 Blast Furnace
35:13 Halberdier
37:13 Hoardings
36:03 Elite Ballista Elephant
37:23 Plate Barding Armor
38:50 Conscription
40:08 Double Crossbow
41:37 Fletching
41:48 Padded Archer Armor
blueberry
0:51 Loom
13:35 Feudal Age
20:35 Castle Age
35:01 Imperial Age
33:07 Wheelbarrow
32:17 Town Watch
33:53 Kamandaran
35:09 Double-Bit Axe
35:08 Horse Collar
39:10 Conscription
38:59 Husbandry
39:09 Bloodlines
39:09 Scale Barding Armor
39:16 Forging
43:42 Citadels
44:08 Hoardings
Connection lost

Rejoining the realm…

Still unreachable

The connection could not be restored.

Session expired

The server has moved on; the page needs a fresh start.